TOP OF THE 1ST |
Culver City Extras batting - Pitching for Bismarck Barons : RHP José Abacil
|
Pitching: RHP José Abacil
|
|
Batting: RHB Bill Little
|
0-0: Called Strike 0-1: SOLO HOME RUN (Flyball, 7D), Distance : 361 ft
|
Batting: LHB Tanyu Imai
|
0-0: Foul Ball, location: 2F 0-1: Fly out, F6 (Popup, 6D)
|
Batting: LHB Stan Bates
|
0-0: Ball 1-0: Swinging Strike 1-1: Foul Ball, location: 2F 1-2: Ball 2-2: Foul Ball, location: 2F 2-2: Ground out 1-3 (Groundball, 15)
|
Batting: LHB Larry Howard
|
0-0: Ball 1-0: Swinging Strike 1-1: DOUBLE (Line Drive, 89M)
|
Batting: LHB Jason Lambert
|
0-0: Ball 1-0: Ground out 3-1 (Groundball, 34)
|
Top of the 1st over - 1 run(s), 2 hit(s), 0 error(s), 1 left on base; Culver City 1 - Bismarck 0 |
BOTTOM OF THE 1ST |
Bismarck Barons batting - Pitching for Culver City Extras : RHP Larry Stewart
|
Pitching: RHP Larry Stewart
|
|
Batting: RHB David Canseco
|
0-0: Ball 1-0: Swinging Strike 1-1: Ground out 6-3 (Groundball, 56)
|
Batting: LHB Paco Sandoval
|
0-0: Bunted foul 0-1: Ball 1-1: Swinging Strike 1-2: Foul Ball, location: 2F 1-2: Fly out, F6 (Popup, 6D)
|
Batting: LHB Lorenzo Núñes
|
0-0: Ball 1-0: Ball 2-0: Swinging Strike 2-1: Swinging Strike 2-2: Foul Ball, location: 2F 2-2: Strikes out looking
|
Bottom of the 1st over - 0 run(s), 0 hit(s), 0 error(s), 0 left on base; Culver City 1 - Bismarck 0 |
TOP OF THE 2ND |
Culver City Extras batting - Pitching for Bismarck Barons : RHP José Abacil
|
Batting: LHB Nick English
|
0-0: Called Strike 0-1: Ball 1-1: Ball 2-1: Foul Ball, location: 2F 2-2: Foul Ball, location: 2F 2-2: Ground out 3-1 (Groundball, 34)
|
Batting: RHB Horace Johnson
|
0-0: Ball 1-0: Foul Ball, location: 2F 1-1: Fly out, F7 (Flyball, 78M)
|
Batting: RHB Jesús Aquino
|
0-0: Ground out 6-3 (Groundball, 6)
|
Top of the 2nd over - 0 run(s), 0 hit(s), 0 error(s), 0 left on base; Culver City 1 - Bismarck 0 |
TOP OF THE 3RD |
Culver City Extras batting - Pitching for Bismarck Barons : RHP José Abacil
|
Batting: RHB Cal Rogers
|
0-0: Foul Ball, location: 2F 0-1: Swinging Strike 0-2: Strikes out looking
|
Batting: RHB Bill Little
|
0-0: Ball 1-0: Called Strike 1-1: Ball 2-1: Swinging Strike 2-2: Strikes out swinging, 2-3 out at first.
|
Batting: LHB Tanyu Imai
|
0-0: Called Strike 0-1: Foul Ball, location: 2F 0-2: Fly out, F3 (Popup, 3F)
|
Top of the 3rd over - 0 run(s), 0 hit(s), 0 error(s), 0 left on base; Culver City 1 - Bismarck 1 |
BOTTOM OF THE 3RD |
Bismarck Barons batting - Pitching for Culver City Extras : RHP Larry Stewart
|
Batting: LHB Paco Sandoval
|
0-0: Swinging Strike 0-1: Ground out U3 (Groundball, 3S)
|
Batting: LHB Lorenzo Núñes
|
0-0: Called Strike 0-1: Ball 1-1: Fly out, F8 (Flyball, 8RM)
|
Batting: RHB Jorge Espinosa
|
0-0: Ball 1-0: Ball 2-0: Ball 3-0: Base on Balls
|
Batting: SHB Víctor Serrano
|
0-0: Ball 1-0: Ball 2-0: Foul Ball, location: 2F 2-1: Ball 3-1: Base on Balls Jorge Espinosa to second
|
Batting: RHB Ronald Parsons
|
0-0: Ball 1-0: SINGLE (Groundball, 34S) Jorge Espinosa to third Víctor Serrano to second Runner from 3rd tries for Home, SAFE, throw made at trailing runner, OUT at third!
|
Bottom of the 3rd over - 1 run(s), 1 hit(s), 0 error(s), 1 left on base; Culver City 1 - Bismarck 2 |
TOP OF THE 4TH |
Culver City Extras batting - Pitching for Bismarck Barons : RHP José Abacil
|
Batting: LHB Stan Bates
|
0-0: Ball 1-0: Foul Ball, location: 2F 1-1: Foul Ball, location: 2F 1-2: Strikes out swinging
|
Batting: LHB Larry Howard
|
0-0: Foul Ball, location: 2F 0-1: Called Strike 0-2: Foul Ball, location: 2F 0-2: Ball 1-2: Foul Ball, location: 2F 1-2: Fly out, F8 (Flyball, 8LS)
|
Batting: LHB Jason Lambert
|
0-0: Ball 1-0: Ball 2-0: Called Strike 2-1: SINGLE (Groundball, 6MD)
|
Batting: LHB Nick English
|
0-0: Called Strike 0-1: Ground out 1-3 (Groundball, 25)
|
Top of the 4th over - 0 run(s), 1 hit(s), 0 error(s), 1 left on base; Culver City 1 - Bismarck 2 |
BOTTOM OF THE 4TH |
Bismarck Barons batting - Pitching for Culver City Extras : RHP Larry Stewart
|
Batting: RHB Kiyomitsu Shinoda
|
0-0: Ball 1-0: Called Strike 1-1: Ball 2-1: Swinging Strike 2-2: Strikes out looking
|
Batting: RHB Benito Minardi
|
0-0: Called Strike 0-1: Foul Ball, location: 2F 0-2: Foul Ball, location: 2F 0-2: Ball 1-2: Foul Ball, location: 2F 1-2: Ball 2-2: Ground out 6-3 (Groundball, 6)
|
Batting: RHB Miguel Hernández
|
0-0: Ball 1-0: Foul Ball, location: 2F 1-1: Ball 2-1: Foul Ball, location: 2F 2-2: Foul Ball, location: 2F 2-2: Strikes out swinging
|
Bottom of the 4th over - 0 run(s), 0 hit(s), 0 error(s), 0 left on base; Culver City 1 - Bismarck 2 |
TOP OF THE 5TH |
Culver City Extras batting - Pitching for Bismarck Barons : RHP José Abacil
|
Batting: RHB Horace Johnson
|
0-0: Ground out 5-3 (Groundball, 5)
|
Batting: RHB Jesús Aquino
|
0-0: Called Strike 0-1: Swinging Strike 0-2: Ball 1-2: Ground out 5-3 (Groundball, 56)
|
Batting: RHB Cal Rogers
|
0-0: Ground out 4-3 (Groundball, 4M)
|
Top of the 5th over - 0 run(s), 0 hit(s), 0 error(s), 0 left on base; Culver City 1 - Bismarck 2 |
BOTTOM OF THE 5TH |
Bismarck Barons batting - Pitching for Culver City Extras : RHP Larry Stewart
|
Batting: RHB David Canseco
|
0-0: Ball 1-0: Ground out 4-3 (Groundball, 4M)
|
Batting: LHB Paco Sandoval
|
0-0: Ground out 4-3 (Groundball, 4)
|
Batting: LHB Lorenzo Núñes
|
0-0: Ball 1-0: Called Strike 1-1: Called Strike 1-2: Strikes out swinging
|
Bottom of the 5th over - 0 run(s), 0 hit(s), 0 error(s), 0 left on base; Culver City 1 - Bismarck 2 |
TOP OF THE 6TH |
Culver City Extras batting - Pitching for Bismarck Barons : RHP José Abacil
|
Batting: RHB Bill Little
|
0-0: Called Strike 0-1: Ball 1-1: Ball 2-1: Called Strike 2-2: Ball 3-2: SOLO HOME RUN (Flyball, 7LD), Distance : 326 ft
|
Batting: LHB Tanyu Imai
|
0-0: Ball 1-0: Ball 2-0: Foul Ball, location: 2F 2-1: Swinging Strike 2-2: Ball 3-2: Foul Ball, location: 2F 3-2: Base on Balls
|
Batting: LHB Stan Bates
|
0-0: Called Strike Throwing error on steal attempt, E2 Tanyu Imai to third 0-1: Ball 1-1: Swinging Strike 1-2: Foul Ball, location: 2F 1-2: Ball 2-2: Ball 3-2: Foul Ball, location: 2F 3-2: Base on Balls
|
Batting: LHB Larry Howard
|
0-0: Ball 1-0: Ball 2-0: Ball 3-0: Base on Balls Stan Bates to second
|
Batting: LHB Jason Lambert
|
0-0: SINGLE (Groundball, 34D) Tanyu Imai scores Stan Bates to third Larry Howard to second Runner from 3rd tries for Home, SAFE, throw made home
|
Batting: LHB Nick English
|
0-0: Foul Ball, location: 2F 0-1: SINGLE (Groundball, 34) Larry Howard to third Jason Lambert to second
|
Batting: RHB Horace Johnson
|
0-0: Called Strike 0-1: GRAND SLAM HOME RUN (Flyball, 89D), Distance : 380 ft
|
Pitching: LHP Ramón Santos
|
|
Batting: RHB Jesús Aquino
|
0-0: Ball 1-0: SINGLE (Groundball, 56D)
|
Batting: RHB Cal Rogers
|
0-0: SINGLE (Line Drive, 4M) Jesús Aquino to second
|
Batting: RHB Bill Little
|
0-0: Ball 1-0: Fly out, F9 (Line Drive, 89M)
|
Batting: LHB Tanyu Imai
|
0-0: Ball 1-0: Ball 2-0: Ball 3-0: Called Strike 3-1: Fly out, F2 (Popup, 25F)
|
Batting: LHB Stan Bates
|
0-0: Ball 1-0: Called Strike 1-1: Called Strike 1-2: Fly out, F8 (Flyball, 8RM)
|
Top of the 6th over - 7 run(s), 6 hit(s), 1 error(s), 2 left on base; Culver City 8 - Bismarck 2 |
BOTTOM OF THE 6TH |
Bismarck Barons batting - Pitching for Culver City Extras : RHP Larry Stewart
|
Pitching: LHP Artie Nelson
|
|
Batting: RHB Jorge Espinosa
|
0-0: Ball 1-0: Ball 2-0: TRIPLE (Line Drive, 8RXD)
|
Batting: SHB Víctor Serrano
|
0-0: Called Strike 0-1: Foul Ball, location: 2F 0-2: Strikes out swinging
|
Batting: RHB Ronald Parsons
|
0-0: Ground out 4-3 (Groundball, 4) Jorge Espinosa scores
|
Batting: RHB Kiyomitsu Shinoda
|
0-0: Ball 1-0: Called Strike 1-1: SINGLE (Groundball, 4D)
|
Batting: RHB Benito Minardi
|
0-0: Ball 1-0: Foul Ball, location: 2F 1-1: Foul Ball, location: 2F 1-2: Ball 2-2: Strikes out swinging
|
Bottom of the 6th over - 1 run(s), 2 hit(s), 0 error(s), 1 left on base; Culver City 8 - Bismarck 3 |
TOP OF THE 7TH |
Culver City Extras batting - Pitching for Bismarck Barons : LHP Ramón Santos
|
Batting: LHB Larry Howard
|
0-0: Ball 1-0: Ball 2-0: Swinging Strike 2-1: Called Strike 2-2: Fly out, F9 (Flyball, 9S)
|
Batting: LHB Jason Lambert
|
0-0: Foul Ball, location: 2F 0-1: Ball 1-1: SINGLE (Line Drive, 5D)
|
Batting: LHB Nick English
|
0-0: Ball 1-0: Called Strike 1-1: Foul Ball, location: 2F 1-2: Ball 2-2: Foul Ball, location: 2F 2-2: Ball 3-2: Base on Balls Jason Lambert to second
|
Batting: RHB Horace Johnson
|
0-0: Ball 1-0: Ball 2-0: Ball 3-0: Base on Balls Jason Lambert to third Nick English to second
|
Batting: RHB Jesús Aquino
|
0-0: Called Strike 0-1: Foul Ball, location: 2F 0-2: Fly out, F4 (Popup, 6MD)
|
Batting: RHB Cal Rogers
|
0-0: Foul Ball, location: 2F 0-1: Fielders Choice at 2nd, 5-4 (Groundball, 5)
|
Top of the 7th over - 0 run(s), 1 hit(s), 0 error(s), 2 left on base; Culver City 8 - Bismarck 3 |
BOTTOM OF THE 7TH |
Bismarck Barons batting - Pitching for Culver City Extras : LHP Artie Nelson
|
Batting: RHB Miguel Hernández
|
0-0: Swinging Strike 0-1: Ground out 6-3 (Groundball, 6M)
|
Batting: RHB David Canseco
|
0-0: Foul Ball, location: 2F 0-1: Called Strike 0-2: Ball 1-2: Ball 2-2: Foul Ball, location: 2F 2-2: Strikes out swinging
|
Batting: LHB Paco Sandoval
|
0-0: Ball 1-0: Ball 2-0: Ball 3-0: Called Strike 3-1: Foul Ball, location: 2F 3-2: Base on Balls
|
Batting: LHB Lorenzo Núñes
|
0-0: Fly out, F9 (Flyball, 9M)
|
Bottom of the 7th over - 0 run(s), 0 hit(s), 0 error(s), 1 left on base; Culver City 8 - Bismarck 3 |
TOP OF THE 8TH |
Culver City Extras batting - Pitching for Bismarck Barons : LHP Ramón Santos
|
Pitching: RHP Felix Carrado
|
|
Batting: RHB Bill Little
|
0-0: Ball 1-0: Ball 2-0: Foul Ball, location: 2F 2-1: Ball 3-1: Base on Balls
|
Batting: LHB Tanyu Imai
|
0-0: Foul Ball, location: 2F 0-1: Ball 1-1: Ground out U3 (Groundball, 3S) Bill Little to second
|
Batting: LHB Stan Bates
|
0-0: Ball 1-0: Called Strike 1-1: Ground out 6-3 (Groundball, 6M) Bill Little to third
|
Batting: LHB Larry Howard
|
0-0: Called Strike 0-1: Foul Ball, location: 2F 0-2: Strikes out swinging
|
Top of the 8th over - 0 run(s), 0 hit(s), 0 error(s), 1 left on base; Culver City 8 - Bismarck 3 |
BOTTOM OF THE 8TH |
Bismarck Barons batting - Pitching for Culver City Extras : LHP Artie Nelson
|
Pitching: RHP Vincent Cox
|
|
Batting: RHB Jorge Espinosa
|
0-0: Called Strike 0-1: Swinging Strike 0-2: Ball 1-2: SINGLE (Line Drive, 8LS)
|
Batting: SHB Víctor Serrano
|
0-0: Ball 1-0: Ball 2-0: Ball 3-0: Foul Ball, location: 2F 3-1: Called Strike 3-2: Fly out, F5 (Popup, 5)
|
Batting: RHB Ronald Parsons
|
0-0: Foul Ball, location: 2F 0-1: Ball 1-1: Ground out 4-3 (Groundball, 4M) Jorge Espinosa to second
|
Batting: RHB Kiyomitsu Shinoda
|
0-0: Ball 1-0: Foul Ball, location: 2F 1-1: Ball 2-1: Foul Ball, location: 2F 2-2: Ground out 6-3 (Groundball, 6)
|
Bottom of the 8th over - 0 run(s), 1 hit(s), 0 error(s), 1 left on base; Culver City 8 - Bismarck 3 |
TOP OF THE 9TH |
Culver City Extras batting - Pitching for Bismarck Barons : RHP Felix Carrado
|
Batting: LHB Jason Lambert
|
0-0: Ball 1-0: Ball 2-0: Ball 3-0: Called Strike 3-1: Base on Balls
|
Batting: LHB Nick English
|
0-0: Foul Ball, location: 2F 0-1: Sac Bunt - play at first, batter OUT! 1-4 Jason Lambert to second
|
Batting: RHB Horace Johnson
|
0-0: Foul Ball, location: 2F 0-1: Swinging Strike 0-2: Foul Ball, location: 2F 0-2: Strikes out swinging
|
Batting: RHB Jesús Aquino
|
0-0: Fly out, F7 (Flyball, 78D)
|
Top of the 9th over - 0 run(s), 0 hit(s), 0 error(s), 1 left on base; Culver City 8 - Bismarck 3 |
BOTTOM OF THE 9TH |
Bismarck Barons batting - Pitching for Culver City Extras : RHP Vincent Cox
|
Now in LF: Cipriano Soto
|
|
Batting: RHB Benito Minardi
|
0-0: Called Strike 0-1: Ball 1-1: Foul Ball, location: 2F 1-2: Ball 2-2: Fly out, F9 (Flyball, 9LM)
|
Batting: RHB Miguel Hernández
|
0-0: Ball 1-0: Fly out, F9 (Flyball, 89XD)
|
Batting: RHB David Canseco
|
0-0: Foul Ball, location: 2F 0-1: Called Strike 0-2: Foul Ball, location: 2F 0-2: Ball 1-2: Fly out, F8 (Flyball, 8LM)
|
Bottom of the 9th over - 0 run(s), 0 hit(s), 0 error(s), 0 left on base; Culver City 8 - Bismarck 3 |
|